 Dungeon Crawl Stone Soup version 0.19-a0-1933-g052ff51 (webtiles) character file.

115 Kaname the Digger (level 4, -7/30 HPs)
             Began as a Demonspawn Earth Elementalist on Oct 26, 2016.
             Mangled by Sigmund
             ... wielding a +0 scythe
              (10 damage)
             ... on level 3 of the Dungeon.
             The game lasted 00:06:32 (2672 turns).

Kaname the Digger (Demonspawn Earth Elementalist)   Turns: 2672, Time: 00:06:33

Health: -7/30      AC:  5    Str:  9    XL:     4   Next: 68%
Magic:  2/7        EV: 11    Int: 17    God:
Gold:   72         SH:  3    Dex: 13    Spells: 3 memorised, 1 level left

rFire  . . .     SeeInvis .     v - +0 short sword (venom)
rCold  . . .     Gourm    .     c - +0 robe
rNeg   . . .     Faith    +     n - +0 buckler
rPois  .         Spirit   .     (no helmet)
rElec  .         Reflect  .     (no cloak)
rCorr  .         Harm     .     (no gloves)
MR     .....                    r - +2 pair of boots
Stlth  ++........               t - amulet of faith
                                (no ring)
                                (no ring)

@: very slightly contaminated
A: hooves 1
a: no special abilities


You were on level 3 of the Dungeon.
You were not hungry.

You visited 1 branch of the dungeon, and saw 3 of its levels.

You collected 72 gold pieces.

Inventory:

Hand Weapons
 v - a +0 short sword of venom (weapon)
Missiles
 b - 74 stones (quivered)
Armour
 c - a +0 robe (worn)
 n - a +0 buckler (worn)
 r - a +2 pair of boots (worn)
Jewellery
 t - an amulet of faith (around neck)
Scrolls
 f - a scroll of enchant weapon {unknown}
 g - a scroll of noise
 i - a scroll of amnesia {unknown}
 j - a scroll of random uselessness {unknown}
 l - a scroll of magic mapping {unknown}
 m - 2 scrolls of remove curse
 p - 2 scrolls of enchant armour {unknown}
 q - a scroll of teleportation
Books
 e - a book of Geomancy

   Spells                             Type                      Level
   a - Sandblast                      Earth                        1
   b - Passwall                       Transmutation/Earth          2
   c - Stone Arrow                    Conjuration/Earth            3
   d - Petrify                        Transmutation/Earth          4
   e - Lee's Rapid Deconstruction     Earth                        5
Comestibles
 a - 2 slices of pizza
 d - 3 bread rations
 h - a chunk of flesh
 o - 3 beef jerkies


   Skills:
 - Level 1.7 Dodging
 - Level 1.7 Stealth
 - Level 2.0 Spellcasting
 + Level 3.0 Conjurations
 - Level 0.8 Transmutations
 - Level 4.0 Earth Magic


You had one spell level left.
You knew the following spells:

 Your Spells              Type           Power        Failure   Level  Hunger
a - Sandblast             Erth           ###...       8%          1    #......
b - Passwall              Tmut/Erth      #.........   21%         2    ###....
c - Stone Arrow           Conj/Erth      ##....       24%         3    ###....


Dungeon Overview and Level Annotations

Branches:
Dungeon (3/15)

Altars:
Elyvilon
Ru
Vehumet
Yredelemnul
The Shining One

Annotations:
D:3 Sigmund


Innate Abilities, Weirdness & Mutations

You have large cloven feet.


Message History

Aim: Sigmund, wielding a scythe and wearing a robe (heavily wounded)
You miscast Stone Arrow.
You are very lightly contaminated with residual magic.
Your hair stands on end.
Sigmund hits you from afar with a scythe.
You barely miss Sigmund.
Sigmund is heavily wounded.
Sigmund casts a spell at you.
You are confused.
You bump into the rock wall.
Sigmund hits you with a scythe!
* * * LOW HITPOINT WARNING * * *
You're too confused!
Unknown command.
You bump into the rock wall.
Sigmund closely misses you. Sigmund closely misses you.
You hit Sigmund.
Sigmund is poisoned.
Sigmund is heavily wounded.
You feel less confused. Sigmund hits you with a scythe!
You die...

####################
.(....).........@@.#
##################.#
.. #.# .# #.# .#
#.############ .#
#.#.........(. .#
####
######.#...........
.####.....
.#.................
..........
..................#


You could see Sigmund.

Vanquished Creatures
  A jelly (D:3)
  2 adders
  A worm (D:2)
  4 dart slugs
  A leopard gecko (D:3)
  A giant cockroach (D:2)
  5 goblins
  7 hobgoblins
  6 jackals
  A quokka (D:2)
  8 bats
  4 frilled lizards
  6 kobolds
  5 rats
52 creatures vanquished.

Notes
Turn   | Place    | Note
-------+----------+-------------------------------------------
     0 | D:1      | Kaname the Demonspawn Earth Elementalist began the quest for the Orb.
     0 | D:1      | Reached XP level 1. HP: 13/13 MP: 3/3
   162 | D:1      | Reached skill level 3 in Earth Magic
   498 | D:1      | Gained mutation: You have large cloven feet. [demonic ancestry]
   498 | D:1      | Reached XP level 2. HP: 19/19 MP: 1/5
   642 | D:1      | Learned a level 2 spell: Passwall
   866 | D:1      | Reached XP level 3. HP: 24/24 MP: 6/6
  1052 | D:2      | Found a radiant altar of Vehumet.
  1053 | D:2      | Found a sacrificial altar of Ru.
  1053 | D:2      | Found a basalt altar of Yredelemnul.
  1055 | D:2      | Found a white marble altar of Elyvilon.
  1121 | D:2      | Reached skill level 4 in Earth Magic
  1126 | D:2      | Learned a level 3 spell: Stone Arrow
  1198 | D:2      | Reached skill level 1 in Conjurations
  1410 | D:2      | Reached XP level 4. HP: 30/30 MP: 7/7
  1467 | D:2      | Found a glowing golden altar of the Shining One.
  2629 | D:3      | Noticed Sigmund
  2672 | D:3      | Mangled by Sigmund

Vault maps used:
D:1:      dpeg_arrival_rooms_c
D:2:      wad_pebble_path, grunt_temple_overflow_open, tso_altar
D:3:      first_bread, hangedman_decor_clover_reticule, trog_butcher_becter,
          uniq_sigmund

Skill      XL: |  1  2  3  4 |
---------------+-------------+-----
Earth Magic    | 3 4 |  4.0
Conjurations   | 1 3 |  3.0
Dodging        | |  1.7
Stealth        | |  1.7
Spellcasting   | |  2.0
Transmutations | |  0.8

Action                   |  1- 3 |  4- 6 || total
-------------------------+-------+-------++-------
Melee: Unarmed           |    11 |       ||    11
       Short sword       |       |    26 ||    26
 Fire: Hunting sling     |   117 |    16 ||   133
 Cast: Sandblast         |    12 |       ||    12
       Stone Arrow       |     1 |     3 ||     4
  Use: Scroll            |     2 |     2 ||     4
       Potion            |       |     3 ||     3
 Stab: Sleeping          |       |     2 ||     2
  Eat: Chunk             |     2 |     3 ||     5
       Pizza             |       |     1 ||     1
Armor: Robe              |    25 |    12 ||    37
Dodge: Dodged            |    47 |    18 ||    65
Block: Buckler           |       |     4 ||     4
